 Dungeon Crawl Stone Soup version 0.29.1 (webtiles) character file.

Game seed: 4820536988292220775

1108 Icepheonix32 the Ducker (level 8, -15/57 HPs)
             Began as a Merfolk Transmuter on Sept 13, 2022.
             Was an Initiate of Okawaru.
             Demolished by a kobold
             ... wielding a +1 dagger of electrocution
              (20 damage)
             ... on level 6 of the Dungeon.
             The game lasted 00:09:44 (6410 turns).

Icepheonix32 the Ducker (Merfolk Transmuter)        Turns: 6410, Time: 00:09:45

Health: -15/57     AC:  2    Str: 10    XL:     8   Next: 33%
Magic:  10/12      EV: 24    Int: 15    God:    Okawaru [......]
Gold:   258        SH:  0    Dex: 19    Spells: 1/13 levels left

rFire   . . .      SeeInvis .     - Unarmed
rCold   . . .      Faith    .   (shield currently unavailable)
rNeg    . . .      Spirit   .   (body armour currently unavailable)
rPois   .          Reflect  .   (helmet currently unavailable)
rElec   .          Harm     .   (cloak currently unavailable)
rCorr   .          Rampage  .   (gloves currently unavailable)
Will    .....                   (boots currently unavailable)
Stlth   ++........              (no amulet)
HPRegen 0.19/turn               q - ring of poison resistance
MPRegen 0.13/turn               (no ring)

@: spider-form (expiring)
A: venomous fangs, tiny, (nimble swimmer 2), (mertail)
a: End Transformation, Renounce Religion


You were on level 6 of the Dungeon.
You worshipped Okawaru.
Okawaru was noncommittal.
You were a venomous arachnid creature.
You visited 1 branch of the dungeon, and saw 6 of its levels.

You collected 258 gold pieces.

Inventory:

Hand Weapons
 d - a +3 dagger
 g - a +3 short sword of protection (melded)
Missiles
 c - 6 atropa-tipped darts
 e - 10 poisoned darts
 x - 2 throwing nets
 C - a boomerang
Armour
 a - a +0 robe (melded)
 p - a +0 pair of boots (melded)
Jewellery
 q - a ring of poison resistance (left front leg)
Wands
 z - a wand of charming (6)
Scrolls
 f - 6 scrolls of teleportation
 i - a scroll of torment {unknown}
 k - a scroll of magic mapping {unknown}
 m - a scroll of fear {unknown}
 n - a scroll of immolation {unknown}
 r - 6 scrolls of identify {unknown}
 u - a scroll of poison {unknown}
 v - a scroll of noise {unknown}
 w - a scroll of butterflies {unknown}
 y - a scroll of enchant armour {unknown}
Potions
 b - a potion of curing
 h - 2 potions of attraction {unknown}
 j - 2 potions of flight {unknown}
 l - a potion of brilliance {unknown}
 o - 2 potions of lignification
 s - 2 potions of degeneration {unknown}
 t - a potion of invisibility {unknown}
 A - a potion of haste {unknown}
 B - 2 potions of heal wounds {unknown}


   Skills:
 + Level 2.7 Fighting
 + Level 5.1 Short Blades
 + Level 1.0 Throwing
 * Level 6.7 Dodging
 + Level 1.7 Stealth
 + Level 4.4 Unarmed Combat
 + Level 3.3 Spellcasting
 * Level 4.5 Transmutations
 * Level 0.7 Ice Magic
 + Level 3.1 Poison Magic
 * Level 1.1 Invocations


You had one spell level left.
You knew the following spells:

 Your Spells              Type           Power      Damage    Failure   Level
a - Beastly Appendage     Tmut           32%        N/A       11%         1
b - Wereblood             Tmut           16%        N/A       14%         2
c - Passwall              Tmut/Erth      7%         N/A       28%         2
d - Spider Form           Tmut/Pois      13%        N/A       28%         3
e - Ice Form              Ice/Tmut       10%        N/A       75%         4

Your spell library contained the following spells:

 Spells                   Type           Power      Damage    Failure   Level
 Freeze                   Ice            16%        1d4       32%         1
 Slow                     Hex            8%         N/A       41%         1
 Ensorcelled Hibernation  Hex/Ice        6%         N/A       47%         2
 Frozen Ramparts          Ice            8%         1d2       61%         3
 Confusing Touch          Hex            2%         N/A       73%         3
 Dazzling Flash           Conj/Hex       4%         N/A       73%         3
 Gell's Gravitas          Tloc           2%         N/A       73%         3
 Swiftness                Air            2%         N/A       73%         3
 Teleport Other           Tloc           2%         N/A       73%         3
 Vampiric Draining        Necr           2%         2d6       73%         3
 Hailstorm                Conj/Ice       3%         3d3       95%         4
 Yara's Violent Unravell  Hex/Tmut       4%         3d4       98%         5
 Agony                    Necr           2%         N/A       100%        5
 Silence                  Hex/Air        1%         N/A       100%        5
 Dispersal                Tloc           1%         N/A       100%        6
 Enfeeble                 Hex            1%         N/A       100%        7
 Summon Small Mammal      Summ           Unusable   N/A       N/A         1
 Call Canine Familiar     Summ           Unusable   N/A       N/A         3
 Summon Guardian Golem    Hex/Summ       Unusable   N/A       N/A         3

Dungeon Overview and Level Annotations

Branches:
Dungeon (6/15)
 Temple: D:4-7

Altars:
Fedhas
Okawaru
Ru
Sif Muna
Trog
Wu Jian
Xom
Zin
The Shining One


Innate Abilities, Weirdness & Mutations

You are a venomous arachnid creature.
You have poisonous fangs.
You are tiny and dextrous.
Your spellcasting is less reliable in this form.
Your armour is entirely melded.
You are incapable of wielding weapons or throwing items.
((You are very nimble when in or above water. (Stealth+, EV+, Speed+++)))
((Your lower body shifts to a powerful aquatic tail in water.))


Message History

The kobold brigand is moderately wounded.
The kobold misses you.
The kobold brigand hits you with a +0 dagger!
* * * LOW HITPOINT WARNING * * *
The kobold hits you with a +0 short sword.
* * * LOW HITPOINT WARNING * * *
The kobold brigand barely misses you.
Things that are here:
a +0 whip; a +0 whip; a kobold corpse You feel better.
The kobold brigand barely misses you.
Your transformation is almost over.
The kobold closely misses you. x2
The kobold brigand hits you with a +0 dagger!
* * * LOW HITPOINT WARNING * * *
Unknown command.
You hit the kobold brigand.
The kobold brigand is almost dead.
The kobold hits you but does no damage. The kobold brigand misses you.
The kobold hits you but does no damage.
Unknown command.
You feel better.
You kill the kobold brigand!
Okawaru accepts your kill. The kobold hits you but does no damage.
The kobold hits you with a +0 short sword.
* * * LOW HITPOINT WARNING * * *
Your Invocations skill increases to level 1!
You are too injured to fight recklessly!
Unknown command.
You are too injured to fight recklessly!
Unknown command.
You are too injured to fight recklessly!
Unknown command.
You completely miss the kobold.
The kobold hits you with a +0 short sword.
* * * LOW HITPOINT WARNING * * *
The kobold hits you with a +1 dagger of electrocution.
* * * LOW HITPOINT WARNING * * *
You are electrocuted!!
You die...

#.##...# ####.##...###
#...........
####.##...###
#.##...#### .
#.......... ...
#.##...#######..##
#######.##.....K).......
...†...........)sK......
#######.##..#########.##
#.###.# #.# #.# #.# #.#
### ###


You could see 2 kobolds.

Vanquished Creatures
  An ice beast (D:5)
  An ogre (D:5)
  A kobold brigand (D:6)
  5 necrophages (D:4)
  3 scorpions
  A water moccasin zombie (D:4)
  A howler monkey (D:6)
  A hound (D:5)
  An iguana (D:6)
  A hound zombie (D:4)
  9 adders
  4 gnolls (D:5)
  An adder zombie (D:4)
  3 worms
  5 dart slugs
  6 orcs
  7 ball pythons
  4 bats
  11 endoplasms
  6 giant cockroaches
  3 goblins
  6 hobgoblins
  4 quokkas
  2 frilled lizards
  6 kobolds
  3 rats
96 creatures vanquished.

Vanquished Creatures (others)
  2 bushes (D:4)
  11 plants (D:4)
13 creatures vanquished.

Grand Total: 109 creatures vanquished

Notes
Turn   | Place    | Note
-------+----------+-------------------------------------------
     0 | D:1      | Icepheonix32 the Merfolk Transmuter began the quest for the
                  | Orb.
     0 | D:1      | Reached XP level 1. HP: 15/15 MP: 3/3
   210 | D:1      | Reached skill level 3 in Dodging
   248 | D:1      | Reached XP level 2. HP: 21/21 MP: 5/5
   331 | D:1      | HP: 1/21 [frozen (3)]
  1217 | D:1      | Reached XP level 3. HP: 26/26 MP: 4/6
  1280 | D:1      | Learned a level 2 spell: Wereblood
  1283 | D:1      | Learned a level 2 spell: Passwall
  1773 | D:2      | Found a glowing silver altar of Zin.
  1816 | D:2      | Reached XP level 4. HP: 15/32 MP: 7/7
  1863 | D:2      | Reached skill level 1 in Short Blades
  2127 | D:2      | Reached skill level 4 in Dodging
  2425 | D:2      | You fall into a shaft and drop 2 floors!
  2614 | D:4      | Found a glowing golden altar of the Shining One.
  2839 | D:4      | Noticed a scorpion
  2866 | D:4      | Killed a scorpion
  2867 | D:4      | Reached XP level 5. HP: 38/38 MP: 6/8
  3360 | D:2      | Learned a level 3 spell: Spider Form
  3482 | D:3      | Found a shimmering altar of Xom.
  3483 | D:3      | Found an ornate altar of the Wu Jian Council.
  3537 | D:3      | Found a bloodstained altar of Trog.
  3619 | D:3      | Found a faded altar of an unknown god.
  3704 | D:3      | Found a shimmering blue altar of Sif Muna.
  4105 | D:3      | Reached skill level 1 in Throwing
  4692 | D:4      | Found a blossoming altar of Fedhas.
  4758 | D:4      | Reached skill level 5 in Dodging
  4758 | D:4      | Reached skill level 1 in Poison Magic
  4758 | D:4      | Reached XP level 6. HP: 44/44 MP: 6/9
  4765 | D:4      | Reached skill level 1 in Stealth
  4797 | D:4      | Reached XP level 7. HP: 30/50 MP: 7/11
  4953 | D:5      | Entered Level 5 of the Dungeon
  5010 | D:5      | Reached skill level 6 in Dodging
  5506 | D:5      | Found an iron altar of Okawaru.
  5534 | D:5      | Reached XP level 8. HP: 51/57 MP: 12/12
  5632 | D:5      | Found a sacrificial altar of Ru.
  6061 | D:5      | Became a worshipper of Warmaster Okawaru
  6129 | D:6      | Reached skill level 5 in Short Blades
  6250 | D:6      | Learned a level 4 spell: Ice Form
  6407 | D:6      | HP: 2/57 [kobold brigand/+0 dagger (9)]
  6410 | D:6      | Reached skill level 1 in Invocations
  6410 | D:6      | Demolished by a kobold

Illustrated notes

Levels and vault maps discovered:
D:1:      elethiomel_arrival_maze, layout_loops_ring, dk_noncrumbling_2,
          chequers_serial_rivers_small_3
D:2:      layout_basic, basic_altar, minmay_tromino_i4
D:3:      layout_loops_corners, led_sif_pool,
          mainiacjoe_overflow_surrounded_room, mainiacjoe_overflow_divided_tiny,
          shapermc_ecumenical_altar_mp_ritualfount, dk_noncrumbling_4
D:4:      layout_loops_cross, mainiacjoe_overflow_chevrons,
          fedhas_altar_decomposition, hangedman_decor_push, st_stairs_2,
          chequers_serial_rivers_marsh, chequers_serial_rivers_micro_e
D:5:      layout_basic, mainiacjoe_overflow_24_doors, okawaru_metal_pillars_1_2
D:6:      layout_basic

Skill      XL: |  1  2  3  4  5  6  7  8 |
---------------+-------------------------+-----
Dodging        | 3 4 5 6 |  6.7
Transmutations | 3 4 |  4.5
Short Blades   | 2 3 4 5 |  5.1
Throwing       | 1 |  1.0
Poison Magic   | 1 2 3 |  3.1
Fighting       | 2 |  2.7
Stealth        | 1 |  1.7
Spellcasting   | 3 |  3.3
Unarmed Combat | 4 |  4.4
Invocations    | 1 |  1.1
Ice Magic      | |  0.7

Action                   |  1- 3 |  4- 6 |  7- 9 || total
-------------------------+-------+-------+-------++-------
Melee: Unarmed           |    71 |       |    38 ||   109
       Short sword       |    50 |   187 |   100 ||   337
       Headbutt          |     7 |    15 |    12 ||    34
       Punch             |     2 |     7 |       ||     9
Throw: Dart              |       |    11 |       ||    11
 Cast: Beastly Appendage |    14 |     9 |     5 ||    28
       Wereblood         |       |     3 |     2 ||     5
       Spider Form       |       |       |     5 ||     5
  Use: Potion            |     5 |       |     2 ||     7
       Scroll            |       |     2 |       ||     2
 Stab: Sleeping          |     1 |     1 |     1 ||     3
       Distracted        |       |     1 |       ||     1
Armor: Robe              |    29 |    35 |    23 ||    87
       Skin              |    27 |     2 |     4 ||    33
Dodge: Dodged            |    84 |    89 |   107 ||   280
